 Dungeon Crawl Stone Soup version 0.29-a0-911-g88e6f02907 (webtiles) character file.

Game seed: 6156788292006738875

177 dracfodder the Digger (level 5, 0/28 HPs)
             Began as a Gargoyle Earth Elementalist on July 26, 2022.
             Slain by Sigmund
             ... wielding a +0 scythe
              (3 damage)
             ... on level 4 of the Dungeon.
             The game lasted 00:21:30 (3548 turns).

dracfodder the Digger (Gargoyle Earth Elementalist) Turns: 3548, Time: 00:21:31

Health: 0/28       AC: 13    Str: 18    XL:     5   Next: 57%
Magic:  10/10      EV: 11    Int: 16    God:
Gold:   199        SH:  0    Dex: 14    Spells: 4/10 levels left

rFire   . . .      SeeInvis .   a - +3 falchion
rCold   . . .      Faith    .   (no shield)
rNeg    + + .      Spirit   .   v - +0 ring mail of Rinweuntuv {Will+ Str+7}
rPois   ∞          Reflect  .   (no helmet)
rElec   +          Harm     .   e - +0 cloak
rCorr   .          Rampage  .   i - +2 pair of gloves
Will    +....                   (no boots)
Stlth   +.........              (no amulet)
HPRegen 0.09/turn               l - ring of positive energy
MPRegen 0.12/turn               s - ring of wizardry

@: flying
A: sickness immunity, AC +4, negative energy resistance 1, electricity
resistance, torment resistance 1, petrification resistance, hooves 1, agile 1
a: no special abilities


You were on level 4 of the Dungeon.
You visited 1 branch of the dungeon, and saw 4 of its levels.

You collected 199 gold pieces.

Inventory:

Hand Weapons
 a - a +3 falchion (weapon)
 b - a +0 sling
Armour
 e - a +0 cloak (worn)
 i - a +2 pair of gloves (worn)
 m - a +0 robe
 v - the +0 ring mail of Rinweuntuv (worn) {Will+ Str+7}
   (You found it on level 3 of the Dungeon)

   Str:       It affects your strength (+7).
   Will:      It increases your willpower.
Jewellery
 l - a ring of positive energy (left hand)
 s - a ring of wizardry (right hand)
Wands
 t - a wand of iceblast (10)
Scrolls
 f - 5 scrolls of blinking
 h - a scroll of amnesia
 n - a scroll of poison {unknown}
 p - a scroll of identify
 q - a scroll of enchant weapon {unknown}
 r - a scroll of immolation {unknown}
Potions
 d - 2 potions of haste
 k - 2 potions of curing {unknown}
 o - a potion of heal wounds {unknown}
 u - a potion of degeneration {unknown}


   Skills:
 + Level 0.9 Fighting
 + Level 1.3 Ranged Weapons
 + Level 2.1 Dodging
 + Level 2.3 Stealth
 + Level 3.4 Spellcasting
 + Level 0.7 Transmutations
 + Level 5.2 Earth Magic


You had 4 spell levels left.
You knew the following spells:

 Your Spells              Type           Power      Damage    Failure   Level
a - Sandblast             Erth           38%        2d10      1%          1
b - Passwall              Tmut/Erth      10%        N/A       6%          2
c - Stone Arrow           Conj/Erth      22%        3d8       13%         3

Your spell library contained the following spells:

 Spells                   Type           Power      Damage    Failure   Level
 Petrify                  Tmut/Erth      12%        N/A       34%         4


Dungeon Overview and Level Annotations

Branches:
Dungeon (4/15)
 Temple: D:4-7

Altars:

Annotations:
D:4 Sigmund


Innate Abilities, Weirdness & Mutations

You are immune to sickness and miasma.
Your stone body is resilient. (AC +4)
You are immune to poison.
You resist negative energy. (rN+)
You are resistant to electric shocks. (rElec)
You are resistant to unholy torment.
You are immune to petrification.
You have large cloven feet.
You are agile. (Dex +4, Str/Int -1)


Message History

Aiming: Sandblast (safe; 1% risk of failure)
Press: ? - help, Q - select action, (/) - cycle Shift-Dir - straight line, f - you That would be overly suicidal.
Okay, then.
It was a potion of flight.
You feel very buoyant.
You fly up into the air.
Something hits you but does no damage.
It was a potion of ambrosia.
You are confused.
You feel invigorated. Something hits you.
You closely miss something. Your kick misses something.
You feel less invigorated.
You feel less confused. Something hits you.
You miss something. Your kick misses something.
You hear some strange, mumbled words.
Something tries to affect you, but you resist.
You barely miss something. Something hits you.
You hit something. Your kick misses something.
Something hits you but does no damage.
You miss something. You kick something. Something hits you.
* * * LOW HITPOINT WARNING * * *
You barely miss something. You kick something. You closely miss something.
Something hits you.
* * * LOW HITPOINT WARNING * * *
You barely miss something. You kick something.
Something hits you but does no damage.
You hit something but do no damage. Your kick misses something.
Something hits you.
* * * LOW HITPOINT WARNING * * *
You closely miss something. You kick something.
Something hits you but does no damage.
You hit something. Something hits you.
* * * LOW HITPOINT WARNING * * *
You miss something. Your kick misses something.
Something hits you but does no damage.
You barely miss something. You kick something. You barely miss something.
Something hits you.
You die...

..##
..#
..#
...
...
..
.....
##.#†
...
#{#
#@#
#<#
###


There were no monsters in sight!

Vanquished Creatures
  A hound (D:3)
  An orc wizard (D:3)
  Robin (D:3)
  2 worms
  3 dart slugs
  4 orcs (D:3)
  7 bats
  3 endoplasms
  4 giant cockroaches
  21 goblins
  9 hobgoblins
  11 jackals
  A kobold (D:1)
  3 quokkas
  3 ball pythons (D:3)
  6 frilled lizards (D:1)
  6 rats
86 creatures vanquished.

Notes
Turn   | Place    | Note
-------+----------+-------------------------------------------
     0 | D:1      | dracfodder the Gargoyle Earth Elementalist began the quest
                  | for the Orb.
     0 | D:1      | Reached XP level 1. HP: 10/10 MP: 3/3
   169 | D:1      | Reached skill level 4 in Earth Magic
   171 | D:1      | Reached XP level 2. HP: 6/15 MP: 0/5
   338 | D:1      | Learned a level 2 spell: Passwall
   808 | D:1      | Reached XP level 3. HP: 17/19 MP: 6/6
  1177 | D:2      | Gained mutation: You are agile. (Dex +4, Str/Int -1)
                  | [potion of mutation]
  1177 | D:2      | Gained mutation: You have large cloven feet. [potion of
                  | mutation]
  1244 | D:2      | Learned a level 3 spell: Stone Arrow
  1932 | D:2      | Found a faded altar of an unknown god.
  2284 | D:3      | Reached XP level 4. HP: 23/24 MP: 8/8
  2619 | D:3      | Noticed Robin
  2644 | D:3      | Reached skill level 1 in Ranged Weapons
  2736 | D:3      | Killed Robin
  3056 | D:3      | Reached skill level 5 in Earth Magic
  3145 | D:3      | Reached XP level 5. HP: 28/28 MP: 5/9
  3382 | D:3      | Identified the +0 ring mail of Rinweuntuv {Will+ Str+7}
  3521 | D:4      | Noticed Sigmund
  3548 | D:4      | Slain by Sigmund

Illustrated notes

Levels and vault maps discovered:
D:1:      lemuel_arrival_hallway, layout_rooms
D:2:      cheibrodos_greedy_goblins, layout_loops_corners,
          shapermc_ecumenical_altar_hornbeckon
D:3:      kennysheep_goblin_castle, layout_loops_ring
D:4:      layout_basic, okawaru_ov_weapons_minmay, minmay_temple_entry_trees,
          uniq_sigmund, uniq_menkaure

Skill      XL: |  1  2  3  4 |
---------------+-------------+-----
Earth Magic    | 4 5 |  5.2
Spellcasting   | 3 |  3.4
Ranged Weapons | 1 |  1.3
Dodging        | 2 |  2.1
Fighting       | |  0.9
Stealth        | |  2.3
Transmutations | |  0.7

Action                   |  1- 3 |  4- 6 || total
-------------------------+-------+-------++-------
Melee: Club              |    10 |       ||    10
       Falchion          |     3 |    17 ||    20
       Kick              |       |     6 ||     6
 Fire: Sling             |    18 |    26 ||    44
Throw: Stone             |     5 |       ||     5
 Cast: Sandblast         |    50 |    48 ||    98
       Stone Arrow       |       |     5 ||     5
  Use: Scroll            |     6 |       ||     6
       Potion            |     1 |     4 ||     5
Armor: Robe              |    16 |    11 ||    27
       Skin              |       |     9 ||     9
       Ring mail         |       |    12 ||    12
Dodge: Dodged            |    30 |    42 ||    72

Table legend: (Time is in decaauts)
 A = Elapsed time spent in this place.
 B = Non-inter-level travel time spent in this place.
 C = Inter-level travel time spent in this place.
 D = Time resting spent in this place.
 E = Time spent auto-exploring this place.
 F = Levels seen in this place.
 G = Mean time per level.
                   A        B        C        D        E       F      G
               +--------+--------+--------+--------+--------+-----+--------+
         Total |   3674 |   3610 |     64 |    801 |   2117 |   4 |  918.5 |
       Dungeon |   3674 |   3610 |     64 |    801 |   2117 |   4 |  918.5 |
               +--------+--------+--------+--------+--------+-----+--------+

Top non-repeatable levels by time:
     D:3: 1390 daAuts
     D:1: 1210 daAuts
     D:2: 1024 daAuts
     D:4: 49 daAuts
